 Dungeon Crawl Stone Soup version 0.30.0-5-g1a98f26d00 (webtiles) character file.

Game seed: 7579441333442664226

18 Irreverend the Ruffian (level 2, 16/16 HPs)
             Began as a Gargoyle Transmuter on May 13, 2023.
             Quit the game on level 1 of the Dungeon.
             The game lasted 00:01:47 (230 turns).

Irreverend the Ruffian (Gargoyle Transmuter)         Turns: 230, Time: 00:01:48

Health: 16/16      AC:  4    Str: 13    XL:     2   Next: 70%
Magic:  4/5        EV: 11    Int: 13    God:
Gold:   23         SH:  0    Dex: 10    Spells: 4/5 levels left

rFire   . .          .
                       - Unarmed
rCold   . . .        (no shield)
rNeg    + . .        a - +0 robe
rPois   ∞            (helmet currently unavailable)
rElec   +            (no cloak)
rCorr   .            (no gloves)
SInv    .            c - melded +1 pair of boots
Will    .....        (no amulet)
Stlth   +            (no ring)
HPRegen 0.22/turn    (no ring)
MPRegen 0.09/turn

%: no passive effects
@: appendages
A: horns 2, talons 2, sickness immunity, AC +2, negative energy resistance 1,
electricity resistance, torment resistance 1, petrification resistance
a: End Transformation


You were on level 1 of the Dungeon.
You had temporarily grown beastly horns and talons.
You visited 1 branch of the dungeon, and saw 1 of its levels.

You collected 23 gold pieces.

Inventory:

Armour
 a - a +0 robe (worn)
 c - a +1 pair of boots (melded)
Potions
 b - a potion of lignification
 d - a potion of resistance {unknown}


   Skills:
 + Level 1.5 Fighting
 - Level 1.5 Dodging
 + Level 3.1 Unarmed Combat
 + Level 2.2 Spellcasting
 * Level 2.0 Transmutations


You had 4 spell levels left.
You knew the following spells:

 Your Spells              Type           Power      Damage    Failure   Level
a - Beastly Appendage     Tmut           12%        N/A       11%         1

Your spell library contained the following spells:

 Spells                   Type           Power      Damage    Failure   Level
 Wereblood                Tmut           6%         N/A       16%         2
 Spider Form              Tmut/Pois      4%         N/A       43%         3
 Ice Form                 Ice/Tmut       4%         N/A       85%         4


Dungeon Overview and Level Annotations

Branches:
Dungeon (1/15)

Altars:


Innate Abilities, Weirdness & Mutations

You have temporarily grown beastly horns and talons.
You are immune to sickness and miasma.
Your stone body is resilient. (AC +2)
You are immune to poison.
You resist negative energy. (rN+)
You are resistant to electric shocks. (rElec)
You are resistant to unholy torment.
You are immune to petrification.


Message History

Confirm with . or Enter, or press ? or * to list all spells.
You grow a pair of large bovine horns.
Your feet morph into talons.
Your +1 pair of boots melds into your body.
The goblin hits you with a +0 club.
You hit the goblin.
You kill the goblin!
You hit the goblin.
You kill the goblin!
Your transformation is almost over.
Things that are here:
a +0 club; a +0 club; a goblin corpse The rat bites you.
You barely miss the rat. You headbutt the rat.
The rat is severely wounded.
The rat barely misses you.
You barely miss the rat.
The rat is severely wounded.
The rat closely misses you.
You barely miss the rat. Your punch misses the rat.
The rat is severely wounded.
The rat bites you but does no damage.
You closely miss the rat. You claw the rat.
You kill the rat!
You see here a rat corpse.
Your horns disappear.
Your talons disappear.
Your +1 pair of boots unmelds from your body.
A ball python comes into view.
A ball python is nearby!
The ball python hisses angrily.
Casting: Beastly Appendage (safe; 11% risk of failure)
Confirm with . or Enter, or press ? or * to list all spells.
You grow a pair of large bovine horns.
Your feet morph into talons.
Your +1 pair of boots melds into your body.
The ball python bites you but does no damage.
The ball python closely misses you.
You hit the ball python.
You kill the ball python!
Unknown command.
Unknown command.
Are you sure you want to abandon this character and quit the game? (Confirm with "yes".)

#...##############..
#...#..............
#...#.............#
#[..#.............#
####...#.............#
.......#..†..........#
.......#.............#
.†.....'.)......@....+
#'##...#.............#
...#...#.............#
...#...##+############
...#...##.#
...######.######## #.
...######.#........ #.
.......##.#........#
#.
.......##.#........#
#.


There were no monsters in sight!

Vanquished Creatures
  A giant cockroach (D:1)
  3 goblins (D:1)
  A hobgoblin (D:1)
  3 jackals (D:1)
  A kobold (D:1)
  A ball python (D:1)
  3 bats (D:1)
  A frilled lizard (D:1)
  3 rats (D:1)
17 creatures vanquished.

Notes
Turn   | Place    | Note
-------+----------+-------------------------------------------
     0 | D:1      | Irreverend the Gargoyle Transmuter began the quest for the
                  | Orb.
     0 | D:1      | Reached XP level 1. HP: 12/12 MP: 3/3
    81 | D:1      | Reached XP level 2. HP: 16/16 MP: 3/5
   230 | D:1      | Quit the game

Illustrated notes

Levels and vault maps discovered:
D:1:      tarquinn_simple_flora_water_e, layout_basic,
          ebering_ecumenical_altar_hall

Skill      XL: |  1  2 |
---------------+-------+-----
Transmutations | 2 |  2.0
Fighting       | |  1.5
Dodging        | |  1.5
Unarmed Combat | |  3.1
Spellcasting   | |  2.2

Action                     || total
---------------------------++-------
  Melee: Unarmed           ||    33
         Kick              ||     6
         Headbutt          ||     3
   Cast: Beastly Appendage ||     7
 Armour: Robe              ||    12
  Dodge: Dodged            ||    14
